AoeStats
← Dantegutsh

Arena

509795359Analyzed
3v3 RM · 5d ago on Sep 28, 2026· 28m 45s· 6 players
Game mode
Random Map
Map size
Normal (6 player)
Population
200
Speed
Normal
Resources
Standard
Victory
Conquest
Starting age
Dark Age
Ending age
Imperial Age
RankedLock teamsTeams togetherTeam positionsShared explorationLock speedFull tech treeHidden civsTurbo modeCheats
Victory
Defeat
🇲🇽 Cumans · Mexico
1520
+15
🇲🇽 Gurjaras · Mexico
1404
+19
🇺🇸 Cumans · United States
1402
+19
🇨🇴 Cumans · Colombia
1508
-19
🇨🇴 Bohemians · Colombia
1473
-17
🇲🇽 Burgundians · Mexico
1472
-17
Dantegutsh
7:16 Loom
9:44 Feudal Age
11:43 Double-Bit Axe
14:10 Fletching
20:35 Padded Archer Armor
25:22 Castle Age
26:02 Bodkin Arrow
26:22 Leather Archer Armor
26:44 Gold Mining
28:27 Thumb Ring
ElConquistadorCaxcan
1:12 Loom
6:52 Loom
9:20 Feudal Age
9:59 Double-Bit Axe
10:29 Horse Collar
17:27 Town Watch
20:36 Castle Age
19:26 Scale Barding Armor
20:36 Wheelbarrow
20:15 Forging
21:08 Bloodlines
21:58 Gold Mining
22:13 Light Cavalry
25:32 Heavy Plow
28:07 Chain Barding Armor
Mike
6:33 Loom
8:53 Feudal Age
10:35 Double-Bit Axe
22:12 Castle Age
21:04 Horse Collar
22:25 Scale Mail Armor
22:28 Pikeman
22:30 Capped Ram
24:09 Chain Mail Armor
25:07 Forging
27:57 Iron Casting
28:43 Squires
canodez
2:22 Loom
9:48 Feudal Age
8:27 Double-Bit Axe
16:23 Castle Age
17:10 Scale Barding Armor
16:41 Light Cavalry
23:43 Husbandry
24:33 Chain Barding Armor
24:27 Cavalier
andyf.1904
10:36 Feudal Age
14:01 Loom
I like to play Random
2:53 Loom
9:25 Feudal Age
10:57 Double-Bit Axe
20:35 Castle Age
19:01 Forging
19:16 Scale Barding Armor
19:56 Bloodlines
20:31 Gold Mining
21:35 Wheelbarrow
23:51 Iron Casting
25:17 Chain Barding Armor
Connection lost

Rejoining the realm…

Still unreachable

The connection could not be restored.

Session expired

The server has moved on; the page needs a fresh start.